General information
- name: BNet
- type: Ladder team game (AT/RT)
- host: Battle.net
- saver: NoMouseOrKeybrd
map: MarketSquare
- players: 8
- length: 04:43
- speed: Fast
- version: 1.27 W3XP
- replay type: Public
» download(26 KB)
Players
team 1 (winner)
meltingkevin (
green | 98 APM | 462 actions | 04:43)
1 Death Knight
1 Death Coil
» actions
| Assign group hotkey | 24 | |
| Basic commands | 2 | |
| Build / train | 16 | |
| Enter build submenu | 6 | |
| Enter hero's abilities submenu | 1 | |
| Right click | 224 | |
| Select / deselect | 67 | |
| Select group hotkey | 105 | |
| Use ability | 17 | |
462 total
» units
| Acolyte | 6 | |
| Ghoul | 3 | |
| Crypt Fiend | 2 | |
11 total
» buildings
| Ziggurat | 2 | |
| Crypt | 1 | |
| Graveyard | 1 | |
| Altar of Darkness | 1 | |
| Tomb of Relics | 1 | |
| Nerubian Tower | 1 | |
7 total
» build order
00:21 Ziggurat
00:24 Crypt
00:40 Graveyard
01:01 Altar of Darkness
01:29 Tomb of Relics
01:51 Ziggurat
03:08 Nerubian Tower
» items
| Rod of Necromancy | 1 | |
| Dust of Appearance | 1 | |
2 total

»
DAZZLEMANTIS (
yellow | 29 APM | 139 actions | 04:43)
1 Mountain King
1 Storm Bolt
» actions
| Assign group hotkey | 11 | |
| Build / train | 19 | |
| Enter build submenu | 12 | |
| Enter hero's abilities submenu | 1 | |
| Right click | 27 | |
| Select / deselect | 55 | |
| Select group hotkey | 2 | |
| Use ability | 12 | |
139 total
» units
| Peasant | 11 | |
| Footman | 3 | |
| Rifleman | 1 | |
15 total
» buildings
| Altar of Kings | 1 | |
| Farm | 6 | |
| Lumber Mill | 1 | |
| Barracks | 1 | |
| Arcane Vault | 1 | |
| Blacksmith | 1 | |
| Scout Tower | 1 | |
| Keep | 1 | |
| Arcane Tower | 1 | |
14 total
» build order
00:12 Altar of Kings
00:20 Farm
00:55 Lumber Mill
01:05 Farm
01:22 Barracks
01:48 Farm
02:21 Arcane Vault
02:36 Farm
02:41 Blacksmith
03:29 Farm
04:07 Scout Tower
04:12 Keep
04:16 Farm
04:42 Arcane Tower

»
its4pm (
teal | 80 APM | 378 actions | 04:43)
1 Warden
1 Shadow Strike
» actions
| Assign group hotkey | 122 | |
| Basic commands | 16 | |
| Build / train | 22 | |
| Enter build submenu | 10 | |
| Enter hero's abilities submenu | 1 | |
| Remove unit from queue | 2 | |
| Right click | 77 | |
| Select / deselect | 54 | |
| Select group hotkey | 54 | |
| Use ability | 20 | |
378 total
» units
» buildings
| Moon Well | 3 | |
| Altar of Elders | 1 | |
| Ancient of Wonders | 1 | |
| Hunter's Hall | 1 | |
| Ancient Protector | 3 | |
| Tree of Ages | 1 | |
10 total
» build order
00:15 Moon Well
00:26 Altar of Elders
01:12 Moon Well
01:35 Moon Well
01:48 Ancient of Wonders
02:10 Hunter's Hall
03:16 Ancient Protector
03:26 Ancient Protector
03:33 Ancient Protector
04:09 Tree of Ages
» items
balphawolf (
orange | 43 APM | 205 actions | 04:43)
2 Death Knight
1 Death Coil
1 Unholy Aura
» actions
| Assign group hotkey | 5 | |
| Basic commands | 4 | |
| Build / train | 14 | |
| Enter build submenu | 12 | |
| Enter hero's abilities submenu | 2 | |
| Right click | 61 | |
| Select / deselect | 52 | |
| Select group hotkey | 42 | |
| Use ability | 13 | |
205 total
» units
| Acolyte | 2 | |
| Ghoul | 4 | |
| Crypt Fiend | 3 | |
9 total
» buildings
| Altar of Darkness | 1 | |
| Ziggurat | 4 | |
| Crypt | 1 | |
| Graveyard | 1 | |
| Nerubian Tower | 1 | |
| Tomb of Relics | 1 | |
9 total
» build order
00:05 Altar of Darkness
00:11 Ziggurat
00:45 Crypt
01:08 Graveyard
01:16 Nerubian Tower
01:36 Ziggurat
01:42 Tomb of Relics
02:26 Ziggurat
03:38 Ziggurat
» items
team 2 (loser)
traffic (
red | 38 APM | 157 actions | 04:09)
1 Mountain King
1 Storm Bolt
» actions
| Assign group hotkey | 6 | |
| Basic commands | 1 | |
| Build / train | 20 | |
| Enter build submenu | 11 | |
| Enter hero's abilities submenu | 1 | |
| Right click | 52 | |
| Select / deselect | 32 | |
| Select group hotkey | 21 | |
| Use ability | 13 | |
157 total
» units
» buildings
| Altar of Kings | 1 | |
| Farm | 4 | |
| Barracks | 1 | |
| Lumber Mill | 1 | |
| Scout Tower | 2 | |
| Arcane Tower | 2 | |
11 total
» build order
00:23 Altar of Kings
00:41 Farm
00:53 Barracks
01:13 Farm
01:30 Lumber Mill
01:55 Farm
02:43 Farm
03:04 Scout Tower
03:06 Scout Tower
03:42 Arcane Tower
03:42 Arcane Tower
elverage (
pink | 56 APM | 262 actions | 04:40)
1 Demon Hunter
1 Immolation
» actions
| Assign group hotkey | 8 | |
| Basic commands | 4 | |
| Build / train | 21 | |
| Enter build submenu | 7 | |
| Enter hero's abilities submenu | 1 | |
| Right click | 142 | |
| Select / deselect | 47 | |
| Select group hotkey | 19 | |
| Use ability | 13 | |
262 total
» units
» buildings
| Altar of Elders | 1 | |
| Moon Well | 3 | |
| Ancient of War | 2 | |
| Ancient of Wonders | 1 | |
7 total
» build order
00:23 Altar of Elders
00:47 Moon Well
01:08 Ancient of War
01:47 Moon Well
02:29 Ancient of War
02:54 Moon Well
03:30 Ancient of Wonders
NaiLz7768 (
blue | 28 APM | 128 actions | 04:30)
1 Blademaster
1 Wind Walk
» actions
| Assign group hotkey | 3 | |
| Build / train | 13 | |
| Enter build submenu | 6 | |
| Enter hero's abilities submenu | 1 | |
| Right click | 45 | |
| Select / deselect | 28 | |
| Select group hotkey | 19 | |
| Use ability | 13 | |
128 total
» units
» buildings
| Altar of Storms | 1 | |
| Orc Burrow | 3 | |
| Voodoo Lounge | 1 | |
| Stronghold | 1 | |
| War Mill | 1 | |
7 total
» build order
00:13 Altar of Storms
00:17 Orc Burrow
01:21 Voodoo Lounge
01:57 Stronghold
02:39 Orc Burrow
02:48 War Mill
03:06 Orc Burrow
» items
| Healing Salve | 1 | |
| Lesser Clarity Potion | 1 | |
2 total
Chat log
(00:09 / Allies) elverage: purp play or get the fuck out
(00:18 / Allies) elverage: fucking bastard
(00:26 / Allies) elverage: he is here
(00:29 / Allies) elverage: he is watching
(00:32 / Allies) traffic: weird
(00:34 / Allies) NaiLz7768: i got a win from him earlier
(00:40 / Allies) elverage: he did it on last game too
(00:55 / Allies) elverage: purp u know i fucked ur mom in the ass?
(01:00 / Allies) elverage: when she was pregnant of u
(01:16 / Allies) NaiLz7768: wind riders
(01:21 / Allies) traffic: gay
(01:24 / Allies) elverage: kill him
(01:28 / Allies) elverage: and take his mine
(01:31 / Allies) NaiLz7768: yes
(01:52 / Allies) elverage: two games in a row
(01:58 / Allies) elverage: with that retard
(02:05 / All) NoMouseOrKeybrd: hello
(02:09 / All) traffic: imagine all the pussty he could fuck
(02:17 / Allies) traffic: hi
(02:22 / Allies) elverage: who fucks him? lol
(02:22 / All) NoMouseOrKeybrd: i am using my mind to talk to you
(02:23 / All) its4pm: he has money
(02:27 / All) its4pm: anyone can buy pussy
(02:30 / Allies) traffic: i wish you would play or leave purple.
(02:37 / Allies) traffic: it sucks :( i work aloto dont gret alot of time
(02:41 / All) NoMouseOrKeybrd: i have far ascended the need for such zoological activities
(03:04 / All) NoMouseOrKeybrd: i am a proud black man, a spacefarer driving a pyramid ship i crafted with my enormous
(03:06 / All) NoMouseOrKeybrd: brain
(03:17 / Allies) elverage: no doubt u were a nigger
(03:24 / All) NoMouseOrKeybrd: pink fears a black planet
(03:29 / All) NoMouseOrKeybrd: Hotep. Uhuru.
(03:34 / Allies) traffic: purlic enemy are good
(03:44 / All) NoMouseOrKeybrd: We was kings, in days of yore
(04:02 / Allies) traffic: we lost
(04:26 / All) NoMouseOrKeybrd: it's not over till queen latefah is singing
(04:30 / All) meltingkevin: NOOB
(04:39 / All) NoMouseOrKeybrd: you are very racist, son